 Dungeon Crawl Stone Soup version 0.27.1-4-g1640c2035a (webtiles) character file.

Game seed: 16484647952936709660

26 Descartes the Digger (level 2, -2/16 HPs)
             Began as a Deep Elf Wanderer on Nov 16, 2021.
             Slain by Terence (11 damage)
             ... on level 2 of the Dungeon.
             The game lasted 00:02:21 (1381 turns).

Descartes the Digger (Deep Elf Wanderer)            Turns: 1381, Time: 00:02:22

Health: -2/16      AC:  2    Str: 10    XL:     2   Next: 89%
Magic:  1/7        EV: 11    Int: 17    God:
Gold:   26         SH:  0    Dex: 12    Spells: 4/5 levels left

rFire    . . .     SeeInvis .   a - +2 short sword
rCold    . . .     Faith    .   (no shield)
rNeg     . . .     Spirit   .   c - +0 robe
rPois    .         Reflect  .   (no helmet)
rElec    .         Harm     .   (no cloak)
rCorr    .         Rampage  .   (no gloves)
Will     .....                  (no boots)
Stlth    ++........             (no amulet)
HPRegen  0.05/turn              (no ring)
MPRegen  0.10/turn              (no ring)

@: no status effects
A: no striking features
a: no special abilities


You were on level 2 of the Dungeon.
You visited 1 branch of the dungeon, and saw 2 of its levels.

You collected 26 gold pieces.

Inventory:

Hand Weapons
 a - a +2 short sword (weapon)
 d - a +0 dagger
Missiles
 e - 22 stones
 f - 46 arrows
Armour
 c - a +0 robe (worn)
Scrolls
 g - a scroll of fear {unknown}
Potions
 h - a potion of curing {unknown}
 i - 2 potions of lignification {unknown}
Miscellaneous
 b - a piece from Xom's chessboard (15/15)


   Skills:
 - Level 1.5 Fighting
 - Level 1.0 Short Blades
 - Level 2.4 Stealth
 - Level 1.0 Shields
 + Level 2.3 Spellcasting
 - Level 1.1 Transmutations
 + Level 3.1 Earth Magic
 - Level 1.1 Evocations


You had 4 spell levels left.
You knew the following spells:

 Your Spells              Type           Power      Damage    Failure   Level
a - Sandblast             Erth           24%        2d8       5%          1

Your spell library contained the following spells:

 Spells                   Type           Power      Damage    Failure   Level
 Stone Arrow              Conj/Erth      14%        3d7       30%         3
 Gell's Gravitas          Tloc           1%         N/A       50%         3
 Teleport Other           Tloc           2%         N/A       50%         3
 Dispersal                Tloc           1%         N/A       100%        6


Dungeon Overview and Level Annotations

Branches:
Dungeon (2/15)

Altars:

Annotations:
D:2 Terence


Message History

Confirm with . or Enter, or press ? or * to list all spells.
Aiming: Sandblast (safe; 5% risk of failure)
Press: ? - help, Shift-Dir - straight line, f/p - Terence
Aim: Terence, wielding a +0 mace and wearing a +0 ring mail (82% to hit)
The blast of sand hits Terence.
Terence is moderately wounded.
Casting: Sandblast (safe; 5% risk of failure)
Confirm with . or Enter, or press ? or * to list all spells.
Aiming: Sandblast (safe; 5% risk of failure)
Press: ? - help, Shift-Dir - straight line, f/p - Terence
Aim: Terence, wielding a +0 mace and wearing a +0 ring mail (moderately wounded, 82% to hit)
The blast of sand misses Terence.
Terence hits you with a +0 mace.
Casting: Sandblast (safe; 5% risk of failure)
Confirm with . or Enter, or press ? or * to list all spells.
Aiming: Sandblast (safe; 5% risk of failure)
Press: ? - help, Shift-Dir - straight line, f/p - Terence
Aim: Terence, wielding a +0 mace and wearing a +0 ring mail (moderately wounded, 82% to hit)
The blast of sand misses Terence.
Terence hits you with a +0 mace.
You are too injured to fight recklessly!
Unknown command.
You are too injured to fight recklessly!
Casting: Sandblast (safe; 5% risk of failure)
Confirm with . or Enter, or press ? or * to list all spells.
Aiming: Sandblast (safe; 5% risk of failure)
Press: ? - help, Shift-Dir - straight line, f/p - Terence
Aim: Terence, wielding a +0 mace and wearing a +0 ring mail (moderately wounded, 82% to hit)
The blast of sand hits Terence.
Terence is heavily wounded.
Terence barely misses you.
Casting: Sandblast (safe; 5% risk of failure)
Confirm with . or Enter, or press ? or * to list all spells.
Aiming: Sandblast (safe; 5% risk of failure)
Press: ? - help, Shift-Dir - straight line, f/p - Terence
Aim: Terence, wielding a +0 mace and wearing a +0 ring mail (heavily wounded, 82% to hit)
The blast of sand hits Terence.
Terence is severely wounded.
Terence shouts, "Now you die!" Terence hits you with a +0 mace!
Ouch! That really hurt!
You die...

#.# #.# #.#.#
#.#.# #.#.#
##'#.# #...@#
#...@# #...(#
## #....#####
#.
####........#
#.# #####
...'........#
#.###....
####........#
#........
#........#
#........
####.....#
#........
#.....#
#..).....


You could see Terence.

Vanquished Creatures
  5 bats (D:1)
  An endoplasm (D:1)
  A giant cockroach (D:1)
  3 goblins (D:2)
  5 hobgoblins (D:1)
  A quokka (D:1)
  A ball python (D:1)
  3 frilled lizards
  2 kobolds (D:1)
  A rat (D:1)
23 creatures vanquished.

Notes
Turn   | Place    | Note
-------+----------+-------------------------------------------
     0 | D:1      | Descartes the Deep Elf Wanderer began the quest for the
                  | Orb.
     0 | D:1      | Descartes set off with the following items: a +2 short
                  | sword, a piece from Xom's chessboard (15/15), a +0 robe, a
                  | +0 dagger; and the following spell memorised: Sandblast;
                  | and the following spells available to memorise: Stone Arrow
     0 | D:1      | Reached XP level 1. HP: 12/12 MP: 3/3
    60 | D:1      | Reached skill level 1 in Spellcasting
   130 | D:1      | Reached XP level 2. HP: 4/16 MP: 4/6
   829 | D:1      | Found a faded altar of an unknown god.
  1019 | D:1      | Reached skill level 3 in Earth Magic
  1371 | D:2      | Noticed Terence
  1381 | D:2      | Slain by Terence

Illustrated notes

Levels and vault maps discovered:
D:1:      dpeg_arrival_court, layout_rooms, ebering_ecumenical_altar_mist
D:2:      layout_basic, uniq_terence

Skill      XL: |  1  2 |
---------------+-------+-----
Spellcasting   | 1 2 |  2.3
Earth Magic    | 3 |  3.1
Fighting       | |  1.5
Short Blades   | |  1.0
Stealth        | |  2.4
Shields        | |  1.0
Transmutations | |  1.1
Evocations     | |  1.1

Action                   || total
-------------------------++-------
Melee: Short sword       ||    54
 Cast: Sandblast         ||    19
 Stab: Sleeping          ||     1
Armor: Robe              ||    22
Dodge: Dodged            ||    50
